 Dungeon Crawl Stone Soup version 0.32-a0-593-g85ff8e36a1 (webtiles) character file.

Game seed: 10601103938412218310

498 CougarLife the Digger (level 7, -4/36 HPs)
             Began as a Gargoyle Earth Elementalist on Mar 2, 2024.
             Was a Believer of Vehumet.
             Killed from afar by Dowan (10 damage)
             ... with a shard of ice
             ... on level 5 of the Dungeon.
             The game lasted 00:04:21 (4909 turns).

CougarLife the Digger (Gargoyle Earth Elementalist) Turns: 4909, Time: 00:04:22

Health: -4/36      AC:  6    Str: 12    XL:     7   Next: 16%
Magic:  0/13       EV: 11    Int: 17    God:    Vehumet [**....]
Gold:   219        SH:  0    Dex: 10    Spells: 10/14 levels left

rFire   . . .        c - +0 dagger
rCold   . . .        (no shield)
rNeg    + . .        a - +0 robe
rPois   ∞            (no helmet)
rElec   +            (no cloak)
rCorr   .            (no gloves)
SInv    .            (no boots)
Will    +....        (no amulet)
Stlth   ++           i - ring of willpower
HPRegen 0.26/turn    (no ring)
MPRegen 0.13/turn

%: no passive effects
@: no status effects
A: sickness immunity, AC +4, negative energy resistance 1, electricity
resistance, torment resistance 1, petrification resistance
a: Renounce Religion


You were on level 5 of the Dungeon.
You worshipped Vehumet.
Vehumet was pleased with you.
You visited 2 branches of the dungeon, and saw 6 of its levels.

You collected 219 gold pieces.

Inventory:

Hand Weapons
 c - a +0 dagger (weapon)
Armour
 a - a +0 robe (worn)
Jewellery
 i - a ring of willpower (left hand)
Wands
 l - a wand of digging (5)
Scrolls
 b - a scroll of fog {unknown}
 d - 2 scrolls of fear {unknown}
 f - 2 scrolls of enchant armour {unknown}
 g - 2 scrolls of vulnerability {unknown}
 j - 4 scrolls of identify {unknown}
 k - 2 scrolls of amnesia {unknown}
 m - 3 scrolls of teleportation {unknown}
 q - a scroll of noise {unknown}
Potions
 e - 3 potions of curing {unknown}
 h - 2 potions of heal wounds {unknown}
 n - a potion of brilliance {unknown}
 o - a potion of lignification {unknown}
 p - a potion of enlightenment {unknown}


   Skills:
 - Level 1.5 Dodging
 - Level 2.1 Stealth
 + Level 4.3 Spellcasting
 + Level 4.5 Conjurations
 + Level 6.1 Earth Magic


You had 10 spell levels left.
You knew the following spells:

 Your Spells              Type           Power      Damage    Failure   Level
a - Sandblast             Erth           48%        2d12      1%          1
b - Stone Arrow           Conj/Erth      44%        3d9       4%          3

Your spell library contained the following spells:

 Spells                   Type           Power      Damage    Failure   Level
 Freeze                   Ice            12%        1d3       16%         1
 Passwall                 Erth           24%        N/A       3%          3
 Brom's Barrelling Bould  Conj/Erth      22%        2d4       17%         4
 Petrify                  Alch/Erth      14%        N/A       38%         4


Dungeon Overview and Level Annotations

Branches:
Dungeon (5/15)             Temple (1/1) D:4

Altars:
Ashenzari
Cheibriados
Elyvilon
Fedhas
Gozag
Hepliaklqana
Kikubaaqudgha
Makhleb
Nemelex Xobeh
Okawaru
Qazlal
Sif Muna
Trog
Uskayaw
Vehumet
Xom
Zin
The Shining One

Annotations:
D:5 Dowan


Innate Abilities, Weirdness & Mutations

You are immune to sickness and miasma.
Your stone body is resilient. (AC +4)
You are immune to poison.
You resist negative energy. (rN+)
You are resistant to electric shocks. (rElec)
You are resistant to unholy torment.
You are immune to petrification.


Message History

Aim: Duvessa, wielding a +0 rapier and wearing a +0 leather armour (almost dead, 85% to hit)
The blast of sand hits Duvessa but does no damage.
Duvessa is almost dead.
Dowan closely misses you. Duvessa barely misses you.
Casting: Sandblast (safe; 1% risk of failure)
Confirm with . or Enter, or press ? or * to list all spells.
Aiming: Sandblast (safe; 1% risk of failure)
Press: ? - help, Shift-Dir - straight line, f/p - Duvessa
Aim: Duvessa, wielding a +0 rapier and wearing a +0 leather armour (almost dead, 85% to hit)
The blast of sand hits Duvessa.
You kill Duvessa!
Vehumet accepts your kill.
You feel your power returning.
Dowan's eyes darken. "You have made a grave mistake."
Dowan seems to find hidden reserves of power!
Dowan barely misses you. Dowan casts a spell at you. The shard of ice hits you!
* * * LOW HITPOINT WARNING * * *
Your Earth Magic skill increases to level 6!
You have reached level 7!
Casting: Sandblast (safe; 1% risk of failure)
Confirm with . or Enter, or press ? or * to list all spells.
Aiming: Sandblast (safe; 1% risk of failure)
Press: ? - help, Shift-Dir - straight line, f - Dowan
Aim: Dowan, wielding a +0 dagger and wearing a +0 robe (fast, 76% to hit)
The blast of sand hits Dowan!
Dowan is severely wounded.
Dowan gestures wildly while chanting.
Dowan blinks!
Casting: Sandblast (safe; 1% risk of failure)
Confirm with . or Enter, or press ? or * to list all spells.
Aiming: Sandblast (safe; 1% risk of failure)
Press: ? - help, Shift-Dir - straight line, f/p - Dowan
Aim: Dowan, wielding a +0 dagger and wearing a +0 robe (severely wounded, fast, 76% to hit)
The blast of sand misses Dowan.
Unknown command.
Dowan points at you and mumbles some strange words.
The shard of ice hits you!
You die...

. .. ...#####+##
..........#
..........#
.....$....#
#.$..e.@########
#.....)........#
+.....#..#####.#
#...#.#..#...#.#
#####.#..#.#.#.#
.....#.#.#.#
#.##[#.#.#.# #.
#.#.#.#.# #.
#.#.#.#.#


You could see Dowan (fast).

Vanquished Creatures
  Duvessa (D:5)
  A scorpion (D:4)
  2 hounds (D:4)
  An orc priest (D:3)
  2 sleepcaps
  4 gnolls
  3 adders
  4 dart slugs
  3 ribbon worms
  9 orcs (D:3)
  8 ball pythons
  6 endoplasms
  3 giant cockroaches
  12 goblins
  13 hobgoblins
  3 quokkas
  15 bats
  A frilled lizard (D:1)
  4 kobolds
  7 rats
102 creatures vanquished.

Notes
Turn   | Place    | Note
-------+----------+-------------------------------------------
     0 | D:1      | CougarLife the Gargoyle Earth Elementalist began the quest
                  | for the Orb.
     0 | D:1      | Reached XP level 1. HP: 10/10 MP: 3/3
   273 | D:1      | Reached skill level 4 in Earth Magic
   273 | D:1      | Reached XP level 2. HP: 15/15 MP: 1/5
   503 | D:1      | Reached XP level 3. HP: 19/19 MP: 4/6
  1786 | D:2      | Reached XP level 4. HP: 18/24 MP: 5/8
  1861 | D:2      | Learned a level 3 spell: Stone Arrow
  1917 | D:2      | Found a faded altar of an unknown god.
  1966 | D:2      | Prayed at the altar of an unknown god.
  1966 | D:2      | Became a worshipper of Vehumet
  1966 | D:2      | Reached * piety under Vehumet
  1966 | D:2      | Offered knowledge of Shock by Vehumet.
  2522 | D:3      | Reached XP level 5. HP: 23/28 MP: 0/9
  2798 | D:3      | Reached skill level 5 in Earth Magic
  2974 | D:3      | Reached ** piety under Vehumet
  2978 | D:3      | Offered knowledge of Freeze by Vehumet.
  3327 | D:3      | Found a snail-covered altar of Cheibriados.
  3802 | D:4      | Reached XP level 6. HP: 19/32 MP: 6/11
  4100 | D:4      | Found an opulent altar of Gozag.
  4227 | D:4      | Found a staircase to the Ecumenical Temple.
  4339 | Temple   | Entered the Ecumenical Temple
  4789 | D:5      | Entered Level 5 of the Dungeon
  4900 | D:5      | Noticed Duvessa
  4900 | D:5      | Noticed Dowan
  4906 | D:5      | Killed Duvessa
  4907 | D:5      | Reached skill level 6 in Earth Magic
  4907 | D:5      | Reached XP level 7. HP: 5/36 MP: 2/13
  4909 | D:5      | Killed from afar by Dowan

Illustrated notes

Levels and vault maps discovered:
D:1:      dpeg_arrival_three_same_balls, layout_basic
D:2:      layout_basic, serial_corexii_hall, chequers_hall_statues_wall_a,
          corexii_hall_statues_i, chequers_hall_statues_corner_a,
          corexii_hall_statues_l, hellmonk_ecumenical_altar_prayer_group
D:3:      layout_loops_cross, slow_altar_2
D:4:      layout_layer_cave, grunt_gozag_breadcrumbs,
          minmay_temple_entry_enclosed_plants
D:5:      layout_basic, uniq_pikel, uniq_duvessa
Temple:   nicolae_temple_x_marks_the_god

Skill      XL: |  1  2  3  4  5  6 |
---------------+-------------------+-----
Earth Magic    | 4 5 6 |  6.1
Conjurations   | 2 3 4 |  4.5
Spellcasting   | 3 4 |  4.3
Dodging        | |  1.5
Stealth        | |  2.1

Action                     |  1- 3 |  4- 6 |  7- 9 || total
---------------------------+-------+-------+-------++-------
  Melee: Dagger            |    12 |    10 |       ||    22
   Cast: Sandblast         |    50 |   123 |     2 ||   175
         Stone Arrow       |       |     7 |       ||     7
    Use: Potion            |       |     1 |       ||     1
 Armour: Robe              |    19 |    60 |     1 ||    80
  Dodge: Dodged            |    12 |    68 |       ||    80

Table legend: (Time is in decaauts)
 A = Elapsed time spent in this place.
 B = Non-inter-level travel time spent in this place.
 C = Inter-level travel time spent in this place.
 D = Time resting spent in this place.
 E = Time spent auto-exploring this place.
 F = Levels seen in this place.
 G = Mean time per level.
                   A        B        C        D        E       F      G
               +--------+--------+--------+--------+--------+-----+--------+
         Total |   4994 |   4785 |    209 |    333 |   3818 |   6 |  832.3 |
       Dungeon |   4992 |   4783 |    209 |    333 |   3818 |   5 |  998.4 |
        Temple |      1 |      1 |      0 |      0 |      0 |   1 |    1.0 |
               +--------+--------+--------+--------+--------+-----+--------+

Top non-repeatable levels by time:
     D:1: 1348 daAuts
     D:4: 1286 daAuts
     D:2: 1142 daAuts
     D:3: 1089 daAuts
     D:5: 125 daAuts
  Temple: 1 daAuts
